 Dungeon Crawl Stone Soup version bcrawl-1.19.1 (webtiles) character file.

Game seed: 16480731374139863502

1689 mahrnol the Destroyer (level 8, -23/42 HPs)
             Began as a Skeleton Conjurer on Dec 1, 2019.
             Was a Follower of Sif Muna.
             Annihilated by an orc warrior
             ... wielding a +0 mace of holy wrath
              (25 damage)
             ... on level 6 of the Dungeon.
             The game lasted 00:38:18 (7136 turns).

mahrnol the Destroyer (Skeleton Conjurer)           Turns: 7136, Time: 00:38:18

Health: -23/42     AC:  3    Str: 12 (15) XL:     8   Next: 72%
Magic:  0/29       EV: 13    Int: 16      God:    Sif Muna [*.....]
Gold:   347        SH:  0    Dex:  9      Spells: 8/23 levels left

rFire    . . .     SeeInvis +   o - +3 hunting sling of Propriety {venom, MR+} (curse)
rCold    + . .     Gourm    .   (no shield)
rNeg     + + +     Faith    .   i - +0 leather armour
rPois    ∞         Spirit   +   (no helmet)
rElec    .         Reflect  .   (no cloak)
rCorr    .         Harm     .   (no gloves)
MR       ++...                  (no boots)
Stlth    ++........             (no amulet)
HPRegen  0.14/turn              e - ring of magical power
MPRegen  0.21/turn              k - ring of see invisible

@: no status effects
A: no food or potions, cold resistance 1, deterioration 1, negative energy
resistance 3, powered by death 1, torment resistance, unbreathing, magic shield,
sturdy frame 1, spell healing
a: Divine Energy, Renounce Religion


You were on level 6 of the Dungeon.
You worshipped Sif Muna.
Sif Muna was aware of your devotion.
You were not hungry.

You visited 2 branches of the dungeon, and saw 7 of its levels.

You collected 347 gold pieces.

Inventory:

Hand Weapons
 m - a +2 dagger of venom
 o - the cursed +3 hunting sling of Propriety (weapon) {venom, MR+}
   (You found it on level 4 of the Dungeon)

   It poisons the ammo it fires.
   It affects your resistance to hostile enchantments.
   It has a curse placed upon it.
Missiles
 h - 153 poisoned tomahawks
 p - 164 sling bullets (quivered)
Armour
 a - a +0 robe
 i - a +0 leather armour (worn)
Jewellery
 e - a ring of magical power (left hand)
 k - a ring of see invisible (right hand)
 l - a +3 ring of dexterity
 n - an uncursed ring of protection from fire
Scrolls
 c - 4 scrolls of remove curse
 d - 3 scrolls of enchant weapon
 f - a scroll of identify
 g - 5 scrolls of teleportation
 j - 3 scrolls of immolation


   Skills:
 - Level 0.5 Fighting
 + Level 4.3 Dodging
 + Level 4.4 Stealth
 + Level 8.4 Spellcasting
 + Level 9.3 Conjurations
 + Level 4.1 Hexes
 * Level 0.8 Invocations


You had 8 spell levels left.
You knew the following spells:

 Your Spells              Type           Power        Failure   Level  Hunger
a - Magic Dart            Conj           ####         1%          1    N/A
b - Searing Ray           Conj           #####.       1%          2    N/A
c - Iskenderun's Mystic   Conj           #####...     1%          3    N/A
d - Fulminant Prism       Conj/Hex       ####......   7%          4    N/A
e - Irradiate             Conj/Tmut      ###.......   41%         5    N/A

Your spell library contained the following spells:

 Spells                   Type           Power        Failure   Level  Hunger


Dungeon Overview and Level Annotations

Branches:
Dungeon (6/12)             Temple (1/1) D:5

Altars:
Ashenzari
Cheibriados
Dithmenos
Elyvilon
Fedhas
Gozag
Hepliaklqana
Kikubaaqudgha
Lugonu
Makhleb
Nemelex Xobeh
Okawaru
Qazlal
Ru
Sif Muna
Trog
Uskayaw
Vehumet
Wu Jian
Xom
Yredelemnul
Zin

Annotations:
D:6 1 runed door


Innate Abilities, Weirdness & Mutations

You do not eat or drink.
You are immune to poison.
Your flesh is cold resistant. (rC+)
Your body sometimes deteriorates upon taking damage.
You are immune to negative energy. (rN+++)
You regenerate a little health from kills.
You are immune to unholy pain and torment.
You can survive without breathing.
When hurt, damage is shared between your health and your magic reserves.
Your movements are slightly less encumbered by armour. (ER -2)
Casting spells heals you.


Message History

You finish channeling your searing ray.
The orc warrior hits you with a +0 mace of holy wrath!
You convulse!
Casting: Searing Ray (safe; 1% risk of failure)
Confirm with . or Enter, or press ? or * to list all spells.
Aiming: Searing Ray (safe; 1% risk of failure)
Press: ? - help, Shift-Dir - straight line, f/p - orc warrior
Aim: an orc warrior, wielding a +0 mace of holy wrath and wearing a +0 plate armour (moderately wounded)
The searing ray misses the orc warrior. (Press . to maintain the ray.)
The orc warrior hits you with a +0 mace of holy wrath!
Your body deteriorates!
You feel weakened.
You convulse!
The searing ray hits the orc warrior.
The orc warrior is moderately wounded.
The orc warrior hits you with a +0 mace of holy wrath!
* * * LOW HITPOINT WARNING * * *
You convulse!!
Ouch! That really hurt!
You die...

##.######....# #.#.#
.S.# ####.# #.#.# oo.#
#####.#######)#.# ####
#.....).......#.#
#####.#######.#.#
♣♣♣♣♣### #.# #.#.#
♣♣.♣..#.####.# #.#.#
..♣..........#######.#.#
♣♣♣♣.)....##....@.##.#.#
♣ ♣♣P#..########o##...#
♣♣#### #.##..## #)###.#
##)###.# #####...##.#
#..........# .###...##.#
##.###.#


You could see an orc warrior.

Vanquished Creatures
  A two-headed ogre (D:5)
  Eustachio (D:5)
  A phantom (D:3)
  A sky beast (D:4)
  An ice beast (D:6)
  A big kobold (D:6)
  A crimson imp (D:4)
  A hound (D:5)
  An orc priest (D:2)
  Jessica (D:3)
  2 orc wizards (D:4)
  Natasha (thrice) (D:3)
  2 iguanas (D:5)
  2 worker ants
  A killer bee zombie (D:5)
  Robin (D:3)
  5 adders
  3 oozes
  4 worms
  4 dart slugs
  10 leopard geckos
  19 orcs
  2 ball pythons
  4 giant cockroaches
  15 goblins
  12 hobgoblins
  3 jackals (D:1)
  3 quokkas
  4 bats
  4 frilled lizards
  9 kobolds
  A quokka zombie (D:5)
  5 rats
128 creatures vanquished.

Vanquished Creatures (others)
  10 fulminant prisms
10 creatures vanquished.

Grand Total: 138 creatures vanquished

Notes
Turn   | Place    | Note
-------+----------+-------------------------------------------
     0 | D:1      | mahrnol the Skeleton Conjurer began the quest for the Orb.
     0 | D:1      | Reached XP level 1. HP: 10/10 MP: 4/4
    47 | D:1      | Reached skill level 5 in Conjurations
   152 | D:1      | Reached XP level 2. HP: 15/15 MP: 3/6
   174 | D:1      | Learned a level 2 spell: Searing Ray
   535 | D:1      | Reached XP level 3. HP: 19/19 MP: 5/7
   540 | D:1      | Learned a level 3 spell: Iskenderun's Mystic Blast
  1034 | D:1      | Reached skill level 6 in Conjurations
  1270 | D:2      | Reached XP level 4. HP: 11/24 MP: 0/9
  1751 | D:3      | Noticed Jessica
  1755 | D:3      | Killed Jessica
  1875 | D:3      | Learned a level 4 spell: Fulminant Prism
  1963 | D:3      | Reached XP level 5. HP: 28/28 MP: 5/11
  2202 | D:3      | Noticed Natasha
  2210 | D:3      | Killed Natasha
  2310 | D:3      | Noticed Robin
  2320 | D:3      | Killed Robin
  2421 | D:3      | Found an opulent altar of Gozag.
  2663 | D:3      | Noticed Natasha
  2769 | D:3      | Killed Natasha
  2832 | D:3      | Noticed Natasha
  2837 | D:3      | Killed Natasha
  2837 | D:3      | Gained mutation: You regenerate a little health from kills.
                  | [Skeleton growth]
  2837 | D:3      | Reached XP level 6. HP: 30/33 MP: 11/13
  3226 | D:3      | Reached skill level 5 in Spellcasting
  3226 | D:3      | Reached skill level 7 in Conjurations
  3226 | D:3      | Reached skill level 1 in Hexes
  4088 | D:4      | Got a polished hunting sling
  4189 | D:4      | Identified the cursed +3 hunting sling of Propriety {venom,
                  | MR+} (You found it on level 4 of the Dungeon)
  4278 | D:4      | Noticed a sky beast
  4285 | D:4      | Killed a sky beast
  4285 | D:4      | Reached XP level 7. HP: 37/37 MP: 16/16
  4508 | D:5      | Entered Level 5 of the Dungeon
  4630 | D:5      | Noticed Eustachio
  4953 | D:5      | Noticed a two-headed ogre
  5343 | D:5      | Killed Eustachio
  5343 | D:5      | Reached skill level 8 in Conjurations
  5579 | D:5      | Found a staircase to the Ecumenical Temple.
  5587 | Temple   | Entered the Ecumenical Temple
  5843 | Temple   | Became a worshipper of Sif Muna the Loreminder
  6405 | D:5      | Killed a two-headed ogre
  6405 | D:5      | Reached * piety under Sif Muna
  6405 | D:5      | Reached skill level 9 in Conjurations
  6405 | D:5      | Reached XP level 8. HP: 42/42 MP: 11/20
  6578 | D:5      | Learned a level 5 spell: Irradiate
  7103 | D:6      | Found a runed door.
  7136 | D:6      | HP: 2/42 [orc warrior/+0 mace of holy wrath (12)]
  7136 | D:6      | Annihilated by an orc warrior

Skill      XL: |  1  2  3  4  5  6  7 |
---------------+----------------------+-----
Conjurations   | 5 6 7 9 |  9.3
Spellcasting   | 4 6 8 |  8.4
Stealth        | 3 4 |  4.4
Hexes          | 2 4 |  4.1
Dodging        | 3 4 |  4.3
Fighting       | |  0.5
Invocations    | |  0.8

Action                   |  1- 3 |  4- 6 |  7- 9 || total
-------------------------+-------+-------+-------++-------
 Cast: Magic Dart        |    52 |   120 |    73 ||   245
       Searing Ray       |     9 |    19 |    20 ||    48
       Fulminant Prism   |       |     3 |     8 ||    11
  Use: Scroll            |     1 |       |     5 ||     6
Armor: Robe              |     6 |       |       ||     6
       Leather armour    |       |     5 |     5 ||    10
Dodge: Dodged            |    30 |    15 |    45 ||    90
